 Dungeon Crawl Stone Soup version 0.28-a0-464-g0687ed57fd (webtiles) character file.

Game seed: 14465089108620996973

0 Dabor the Slasher (level 1, -1/16 HPs)
             Began as a Vine Stalker Berserker on Sept 14, 2021.
             Was a Follower of Trog.
             Slain by a kobold (5 damage)
             ... on level 1 of the Dungeon.
             The game lasted 00:00:35 (30 turns).

Dabor the Slasher (Vine Stalker Berserker)            Turns: 30, Time: 00:00:36

Health: -1/16      AC:  2    Str: 19    XL:     1   Next: 0%
Magic:  0/2        EV: 12    Int:  7    God:    Trog [*.....]
Gold:   0          SH:  0    Dex: 13    Spells: 0/0 levels left

rFire   . . .      SeeInvis .   a - +0 falchion
rCold   . . .      Faith    .   (no shield)
rNeg    . . .      Spirit   +   b - +0 animal skin
rPois   .          Reflect  .   (no helmet)
rElec   .          Harm     .   (no cloak)
rCorr   .          Rampage  .   (no gloves)
Will    .....                   (no boots)
Stlth   ..........              (no amulet)
HPRegen 0.05/turn               (no ring)
MPRegen 0.08/turn               (no ring)

@: berserking, very quick
A: fangs 2, magic shield, antimagic bite, no potion heal 2
a: Renounce Religion, Berserk


You were on level 1 of the Dungeon.
You worshipped Trog.
Trog was aware of your devotion.
You visited 1 branch of the dungeon, and saw 1 of its levels.

Inventory:

Hand Weapons
 a - a +0 falchion (weapon)
Armour
 b - a +0 animal skin (worn)
Potions
 c - a potion of degeneration {unknown}


   Skills:
 + Level 2.6 Fighting
 + Level 2.6 Long Blades
 + Level 0.0 Throwing
 + Level 1.5 Armour
 + Level 1.5 Dodging


You couldn't memorise any spells.
You didn't know any spells.
Your spell library was empty.

Dungeon Overview and Level Annotations

Branches:
Dungeon (1/15)

Altars:


Innate Abilities, Weirdness & Mutations

You have extremely sharp teeth.
When hurt, damage is shared between your health and your magic reserves.
Your bite disrupts and absorbs the magic of your enemies.
Potions cannot restore your health.


Message History

Found a staircase leading out of the dungeon.
As you open the door, it creaks loudly!
Found a yellow potion.
There is an open door here.
You enter the shallow water.
Moving in this stuff is going to be slow.
You open the door.
c - a yellow potion Your movement speed is average.
Your attack delay is about 1.1.
Found 3 atropa-tipped darts.
A quokka comes into view.
A quokka comes into view.
A kobold comes into view. It is wielding a +0 short sword.
The kobold shouts!
You see here 3 atropa-tipped darts.
You barely miss the quokka. You bite the quokka, but do no damage.
The quokka closely misses you. The quokka barely misses you.
You hit the quokka. Your bite misses the quokka.
The quokka is moderately wounded.
You barely miss the quokka.
The quokka bites you but does no damage.
The quokka barely misses you.
The kobold hits you with a +0 short sword.
The quokka closely misses you.
You barely miss the quokka. Your bite misses the quokka.
The quokka is moderately wounded.
The quokka bites you. The quokka misses you. The kobold closely misses you.
The quokka misses you.
You are too injured to fight recklessly!
A red film seems to cover your vision as you go berserk!
You feel yourself moving faster!
You feel mighty! The quokka completely misses you.
The kobold barely misses you. The quokka barely misses you.
You slash the quokka!
You kill the quokka!
Trog accepts your kill. The quokka bites you.
* * * LOW HITPOINT WARNING * * *
The kobold hits you with a +0 short sword.
You die...

## ..###
.....#######
...........
..........
.......##
#.K...# # #
#.#@r.#
#.#.#.#†#.#
#.#.#.#.....#.##
....r...........
###.#.#.......##
....#.#.###.###
..........r....
###.#.#.###.###
# ####
#.#.###+###


You could see a quokka and a kobold.

Vanquished Creatures
  A quokka (D:1)
1 creature vanquished.

Notes
Turn   | Place    | Note
-------+----------+-------------------------------------------
     0 | D:1      | Dabor the Vine Stalker Berserker began the quest for the
                  | Orb.
     0 | D:1      | Reached XP level 1. HP: 11/11 MP: 2/2
    30 | D:1      | Slain by a kobold

Illustrated notes

Levels and vault maps discovered:
D:1:      sevenhm_arrival_forest_fort_small_4, layout_basic,
          minmay_misc_feat_alley

Action                   || total
-------------------------++-------
Melee: Falchion          ||     5
       Bite              ||     1
Invok: Berserk           ||     1
Armor: Animal skin       ||     1
Dodge: Dodged            ||    10

Table legend: (Time is in decaauts)
 A = Elapsed time spent in this place.
 B = Non-inter-level travel time spent in this place.
 C = Inter-level travel time spent in this place.
 D = Time resting spent in this place.
 E = Time spent auto-exploring this place.
 F = Levels seen in this place.
 G = Mean time per level.
                   A        B        C        D        E       F      G
               +--------+--------+--------+--------+--------+-----+--------+
         Total |     33 |     33 |      0 |      0 |     12 |   1 |   33.0 |
       Dungeon |     33 |     33 |      0 |      0 |     12 |   1 |   33.0 |
               +--------+--------+--------+--------+--------+-----+--------+

Top non-repeatable levels by time:
     D:1: 33 daAuts
